 Dungeon Crawl Stone Soup version 0.20-a0-837-g0f21a4d (webtiles) character file.

137 M4edhros the Sneak (level 5, -4/33 HPs)
             Began as an Octopode Artificer on Mar 8, 2017.
             Killed by nerve-wracking pain
             ... invoked by Menkaure
              (12 damage)
             ... on level 6 of the Dungeon.
             The game lasted 00:01:23 (828 turns).

M4edhros the Sneak (Octopode Artificer)              Turns: 828, Time: 00:01:24

Health: -4/33      AC:  1    Str: 12    XL:     5   Next: 20%
Magic:  7/7        EV: 13    Int: 13    God:
Gold:   79         SH:  0    Dex: 13    Spells: 4/4 levels left

rFire    . . .     SeeInvis .   k - -3 rapier (curse)
rCold    . . .     Gourm    .   (no shield)
rNeg     . . .     Faith    .   (helmet restricted)
rPois    .         Spirit   .   (no amulet)
rElec    .         Reflect  .   (no ring)
rCorr    .         Harm     .   (no ring)
MR       .....                  (no ring)
Stlth    ++++......             (no ring)
Regen    0.2/turn               (no ring)
MPRegen  0.1/turn               (no ring)
                                (no ring)
                                (no ring)

@: no status effects
A: almost no armour, stealthy swim, amphibious, 8 rings, constrict 8, camouflage
1, gelatinous body 1
a: no special abilities


You were on level 6 of the Dungeon.
You were not hungry.

You visited 1 branch of the dungeon, and saw 6 of its levels.

You collected 79 gold pieces.

Inventory:

Hand Weapons
 a - a +0 short sword
 k - a cursed -3 rapier (weapon)
Wands
 b - a wand of flame (8/48)
 c - a wand of enslavement (15/24)
 d - a wand of random effects (14/48)
Scrolls
 e - 3 scrolls of identify
 i - a scroll of recharging
 j - a scroll of blinking
Potions
 g - a potion of heal wounds {unknown}
 h - a potion of might {unknown}
Comestibles
 f - 2 bread rations
 l - 2 chunks of flesh


   Skills:
 - Level 1.0 Fighting
 - Level 1.0 Short Blades
 - Level 2.0 Dodging
 + Level 7.0 Stealth
 - Level 3.2 Evocations


You had 4 spell levels left.
You didn't know any spells.

Dungeon Overview and Level Annotations

Branches:
Dungeon (6/15)
 Temple: D:4-7

Altars:
Elyvilon

Annotations:
D:6 Menkaure


Innate Abilities, Weirdness & Mutations

You cannot wear most types of armour.
You are very stealthy in the water. (Stealth+)
You are amphibious.
You can wear up to eight rings at the same time.
You can use your tentacles to constrict eight enemies at once.
Your skin changes colour to match your surroundings (Stealth+).
Your rubbery body absorbs attacks. (AC +1, EV +1)


Message History

Unknown command.
Evoke which item? (* to show all) (? for menu, Esc to quit)
Aiming: Throw Flame
Press: ? - help, Shift-Dir - straight line, f/p - Menkaure
Aim: Menkaure (heavily damaged, fast)
The puff of flame hits Menkaure.
Menkaure is burned terribly!
Menkaure is heavily damaged.
This wand has 9 charges left.
An orc wizard comes into view. It is wielding a dagger.
Evoke which item? (* to show all) (? for menu, Esc to quit)
Aiming: Throw Flame
Press: ? - help, Shift-Dir - straight line, f/p - Menkaure
Aim: Menkaure (heavily damaged, fast)
The puff of flame hits Menkaure.
Menkaure is burned terribly!
Menkaure is severely damaged.
The orc wizard shouts!
This wand has 8 charges left.
Menkaure casts a spell at you. Pain shoots through your body!
You die...

.o. ⌠.⌠ ###'##
. #...<# ..
##..M.# ?..
#.....##....
#...........
#.h)@.......
.....##'#......
#.# #.# #####
#.# ###'####
#....[.#
+...<..#
#......#
#....(.#


You could see Menkaure, an orc wizard and a jackal.

Vanquished Creatures
  A centaur (D:6)
  A howler monkey (D:5)
  An adder (D:3)
  A leopard gecko (D:3)
  A bat (D:1)
  A goblin (D:1)
  2 hobgoblins (D:1)
  A quokka (D:2)
  A frilled lizard (D:3)
  3 kobolds
13 creatures vanquished.

Notes
Turn   | Place    | Note
-------+----------+-------------------------------------------
     0 | D:1      | M4edhros the Octopode Artificer began the quest for the Orb.
     0 | D:1      | Reached XP level 1. HP: 13/13 MP: 3/3
    15 | D:1      | Reached skill level 2 in Stealth
   148 | D:1      | Reached XP level 2. HP: 9/18 MP: 4/4
   198 | D:2      | Reached skill level 3 in Stealth
   656 | D:3      | Reached skill level 4 in Stealth
   769 | D:5      | Entered Level 5 of the Dungeon
   769 | D:5      | Noticed a howler monkey
   770 | D:5      | Killed a howler monkey
   770 | D:5      | Reached skill level 5 in Stealth
   770 | D:5      | Reached XP level 3. HP: 23/23 MP: 5/5
   770 | D:5      | Reached XP level 4. HP: 28/28 MP: 6/6
   794 | D:5      | Found a white marble altar of Elyvilon.
   819 | D:6      | Noticed a centaur
   823 | D:6      | Noticed Menkaure
   823 | D:6      | Killed a centaur
   823 | D:6      | Reached skill level 7 in Stealth
   823 | D:6      | Reached XP level 5. HP: 12/33 MP: 7/7
   828 | D:6      | Killed from afar by Menkaure

Vault maps used:
D:1:      lightli_arrival_maybe_door_vault, minmay_octomino_e4
D:2:      nicolae_gozag_zags_fifth_avenue, nicolae_overflow_crystal_walls,
          fedhas_altar_1
D:3:      wad_woods_pond, lemuel_doored_altar, first_bread, kennysheep_boxes
D:4:      grunt_temple_overflow_forces_of_nature, gup_sewer_entry_pipe,
          minmay_checkerbox, uniq_robin, uniq_crazy_yiuf_cottage
D:5:      elyvilon_altar_4, serial_shops, nicolae_shop_statue_plus,
          nicolae_shop_temple_entry_statues_fountains, shop,
          nicolae_shop_overgrown_old_shop, uniq_sigmund
D:6:      kennysheep_potato, uniq_menkaure

Skill      XL: |  1  2  3  4 |
---------------+-------------+-----
Stealth        | 2 5 7 |  7.0
Fighting       | |  1.0
Short Blades   | |  1.0
Dodging        | |  2.0
Evocations     | |  3.2

Action                   |  1- 3 |  4- 6 || total
-------------------------+-------+-------++-------
Melee: Short sword       |    14 |       ||    14
       Constrict         |     6 |       ||     6
       Tentacles         |     6 |       ||     6
       Rapier            |     7 |       ||     7
Evoke: Wand              |     1 |     7 ||     8
  Use: Scroll            |     3 |       ||     3
 Stab: Sleeping          |     4 |       ||     4
Armor: Skin              |     1 |       ||     1
Dodge: Dodged            |    16 |     2 ||    18
